 Dungeon Crawl Stone Soup version 0.19-a0-1254-gb9c29c0 (webtiles) character file.

427 Amnesiac the Destroyer (level 6, 0/48 HPs)
             Began as a Tengu Wizard on Aug 27, 2016.
             Succumbed to a worker ant's poison
             ... on level 3 of the Dungeon.
             The game lasted 00:06:03 (2459 turns).

Amnesiac the Destroyer (Tengu Wizard)               Turns: 2459, Time: 00:06:04

Health: 0/48       AC: 23    Str: 12    XL:     6   Next: 97%
Magic:  0/13       EV:  2    Int: 20    God:
Gold:   87         SH:  0    Dex: 13    Spells: 5 memorised, 2 levels left

rFire  + . .     SeeInvis .     l - +0 long sword
rCold  x . .     Gourm    .     (armour currently unavailable)
rNeg   + + +     Faith    .     (no shield)
rPois  +         Spirit   .     (helmet currently unavailable)
rElec  .         Dismiss  .     (cloak currently unavailable)
rCorr  .         Reflect  .     (gloves currently unavailable)
MR     .....     Harm     .     (boots unavailable)
Stlth  +......... NoTele   +    (no amulet)
                                h - ring of loudness (curse)
                                e - ring of fire

@: mighty, lethally poisoned (0 -> -6), tree-form
A: (beak), (talons 0), blink, able to fly 1
a: Fly, Blink


You were on level 3 of the Dungeon.
You were not hungry.
You were a tree.
You visited 1 branch of the dungeon, and saw 4 of its levels.
You also visited: Ossuary.

You collected 87 gold pieces.

Inventory:

Hand Weapons
 l - a +0 long sword (weapon)
Armour
 b - a +0 hat (melded)
 f - a cursed +0 robe (melded)
Jewellery
 e - a ring of fire (left branch)
 h - a cursed ring of loudness (right branch)
Wands
 s - a wand of random effects (24/48)
Scrolls
 a - 5 scrolls of random uselessness {unknown}
 i - 3 scrolls of identify
 o - a scroll of fear {unknown}
 p - 4 scrolls of remove curse {unknown}
 q - 4 scrolls of noise {unknown}
Potions
 g - 2 potions of mutation
 k - a potion of degeneration {unknown}
 m - a potion of ambrosia {unknown}
 n - a potion of agility
Books
 c - a book of Minor Magic

   Spells                             Type                      Level
   a - Magic Dart                     Conjuration                  1
   b - Blink                          Translocation                2
   c - Call Imp                       Summoning                    2
   d - Repel Missiles                 Charms/Air                   2
   e - Slow                           Hexes                        2
   f - Conjure Flame                  Conjuration/Fire             3
   g - Mephitic Cloud                 Conjuration/Poison/Air       3
Comestibles
 r - 6 chunks of flesh


   Skills:
 - Level 2.1 Dodging
 - Level 2.0 Stealth
 + Level 4.0 Spellcasting
 * Level 8.3 Conjurations
   Level 1.2 Summonings
 - Level 0.7 Translocations


You had 2 spell levels left.
You knew the following spells:

 Your Spells              Type           Power        Failure   Level  Hunger
a - Repel Missiles        Chrm/Air       #.....       21%         2    #......
b - Blink                 Tloc           N/A          17%         2    #......
e - Mephitic Cloud        Conj/Pois/Air  ###.....     14%         3    ###....
s - Conjure Flame         Conj/Fire      ####....     10%         3    ###....
z - Magic Dart            Conj           ####         1%          1    None


Dungeon Overview and Level Annotations

Branches:
Dungeon (4/15)
 Temple: D:4-7

Altars:
Elyvilon
Okawaru
Xom
Zin

Annotations:
D:4 Duffy's ghost, amateur OgHu


Innate Abilities, Weirdness & Mutations

((You have a beak for a mouth.))
((You have claws for feet.))
You can fly.
You can translocate small distances at will.


Message History

Unknown command.
Casting: Magic Dart
Confirm with . or Enter, or press ? or * to list all spells.
Aiming: Magic Dart
Press: ? - help, Shift-Dir - straight line, f/p - worker ant
Aim: a worker ant (almost dead)
The magic dart hits the worker ant.
The worker ant is almost dead.
* * * LOW HITPOINT WARNING * * *
You feel sick. The worker ant bites you.
* * * LOW HITPOINT WARNING * * *
Unknown command.
It was a potion of mutation.
You feel extremely strange.
You feel stronger.
You feel jittery.
You feel weaker.
* * * LOW HITPOINT WARNING * * *
You feel sick.
The worker ant bites you but does no damage.
It was a potion of might.
You feel very mighty all of a sudden.
You die...

##..####.####..
#..............
##.#####.##...# ##..#
#....##. #######
#..############.
##.....######.#......##.....
#..........((.#.............
#.#.#.......###......#......
#.._......a♣...............>
#.#.#........##......##.....
#......>.....##......#######
#####.......###......#
#.......# ######## #.......#
#.......# #########


You could see a worker ant.

Vanquished Creatures
  4 human zombies (Ossuary)
  A centaur skeleton (D:4)
  2 hounds (D:4)
  2 big kobold zombies (Ossuary)
  A hound skeleton (D:4)
  6 mummies (Ossuary)
  5 adders
  A worm (D:3)
  3 giant geckos
  A bat (D:1)
  A giant cockroach (D:3)
  2 goblins
  4 hobgoblins
  10 jackals
  5 kobolds (D:3)
  2 giant newts
  2 kobold zombies (Ossuary)
  3 rats (D:3)
55 creatures vanquished.

Notes
Turn   | Place    | Note
-------+----------+-------------------------------------------
     0 | D:1      | Amnesiac the Tengu Wizard began the quest for the Orb.
     0 | D:1      | Reached XP level 1. HP: 10/10 MP: 5/5
    22 | D:1      | Reached skill level 2 in Conjurations
   169 | D:1      | Reached XP level 2. HP: 15/15 MP: 1/7
   313 | D:2      | Reached skill level 3 in Conjurations
   867 | D:3      | Reached skill level 4 in Conjurations
   867 | D:3      | Reached XP level 3. HP: 13/19 MP: 3/8
  1061 | D:3      | Learned a level 3 spell: Mephitic Cloud
  1065 | D:3      | Learned a level 3 spell: Conjure Flame
  1066 | D:4      | Noticed Duffy's ghost (amateur OgHu)
  1185 | D:3      | Found a white marble altar of Elyvilon.
  1225 | D:3      | Reached XP level 4. HP: 18/24 MP: 6/9
  1229 | D:3      | Learned a level 2 spell: Repel Missiles
  1292 | D:3      | Reached skill level 5 in Conjurations
  1339 | D:3      | Found an iron altar of Okawaru.
  1500 | D:4      | Found a shimmering altar of Xom.
  1501 | D:4      | Found a glowing silver altar of Zin.
  1501 | D:4      | Noticed an angel
  1515 | D:4      | Found a sand-covered staircase.
  1524 | Ossuary  | Entered an ossuary
  1658 | Ossuary  | Reached skill level 6 in Conjurations
  1658 | Ossuary  | Gained mutation: You can fly. [Tengu growth]
  1658 | Ossuary  | Reached XP level 5. HP: 28/28 MP: 1/10
  1967 | Ossuary  | Reached skill level 7 in Conjurations
  1995 | Ossuary  | Reached XP level 6. HP: 27/32 MP: 2/12
  2237 | D:4      | Reached skill level 8 in Conjurations
  2402 | D:4      | Learned a level 2 spell: Blink
  2457 | D:3      | HP: 2/48 [worker ant (5)]
  2458 | D:3      | Gained mutation: Your muscles are strong. (Str +2) [potion of mutation]
  2458 | D:3      | Gained mutation: You can translocate small distances at will. [potion of mutation]
  2458 | D:3      | Lost mutation: Your muscles are strong. (Str +2) [potion of mutation]
  2459 | D:3      | Succumbed to a worker ant's poison

Vault maps used:
D:1:      elethiomel_arrival_shortcut, st_stairs_12
D:2:      first_bread, item_on_display_a
D:3:      okawaru_metal_pillars_1_2, elyvilon_altar_1
D:4:      grunt_temple_overflow_order_and_chaos_1, enter_ossuary_1,
          nicolae_qazlal_style_of_elements
Ossuary:  ossuary_crypta

Skill      XL: |  1  2  3  4  5  6 |
---------------+-------------------+-----
Conjurations   | 2 4 6 7 8 |  8.3
Spellcasting   | 4 |  4.0
Dodging        | |  2.1
Stealth        | |  2.0
Summonings     | |  1.2
Translocations | |  0.7

Action                   |  1- 3 |  4- 6 || total
-------------------------+-------+-------++-------
Melee: Unarmed           |     4 |    36 ||    40
       Kick              |     2 |    14 ||    16
       Long sword        |       |    35 ||    35
       Peck              |       |     5 ||     5
 Cast: Magic Dart        |    67 |    66 ||   133
       Conjure Flame     |       |     7 ||     7
       Repel Missiles    |       |     1 ||     1
       Mephitic Cloud    |       |     1 ||     1
       Blink             |       |     1 ||     1
  Use: Scroll            |     1 |     1 ||     2
       Potion            |       |     6 ||     6
  Eat: Chunk             |     1 |     1 ||     2
       Bread ration      |       |     1 ||     1
Armor: Robe              |     3 |     2 ||     5
       Skin              |       |    22 ||    22
Dodge: Dodged            |    33 |    24 ||    57
       Deflected         |       |     1 ||     1
